Map: Eternal Empire LE

Players

Cronosphere

  • Race: Protoss Protoss
  • League: Gold
  • Spawn Location: 7:00

Foulgrin - Winner!

  • Race: Terran Terran
  • Spawn Location: 1:00

VOD

Have the link to the VOD?

Description

TvP Terran Win

Time

  • Played on: March 7, 2020, 12:11 p.m.
  • Length: 15:47
Show
View Real Time Build Order
Export as new Build Order

Cronosphere Protoss 

Build Orders: 1 Gate Expand 

Get SALT Encoding   

  12  0:16  Probe (Chrono Boost)  
  13  0:26  Probe (Chrono Boost)  
  14  0:31  Pylon  
  14  0:32  Probe  
  15  0:36  Assimilator  
  15  0:53  Gateway  
  15  0:55  Gateway  
  15  1:03  Probe (Chrono Boost)  
  16  1:12  Probe (Chrono Boost)  
  17  1:36  Nexus  
  17  1:47  Cybernetics Core  
  17  1:51  Probe  
  18  2:03  Probe  
  19  2:22  Zealot, Gateway  
  21  2:23  Warp Gate (Chrono Boost)  
  21  2:24  Sentry  
  23  2:44  Pylon  
  25  2:58  Probe (Chrono Boost)  
  25  3:03  Probe (Chrono Boost)  
  25  3:05  Assimilator  
  25  3:08  Probe (Chrono Boost)  
  25  3:12  Probe (Chrono Boost)  
  27  3:13  Probe (Chrono Boost)  
  27  3:14  Robotics Facility  
  28  3:24  Probe (Chrono Boost)  
  30  3:28  Probe (Chrono Boost)  
  30  3:32  Probe (Chrono Boost)  
  31  3:37  Stargate  
  31  3:44  Probe x2  
  33  3:56  Probe x2  
  33  3:57  Assimilator  
  35  4:08  Probe x2  
  35  4:09  Immortal  
  41  4:14  Zealot  
  41  4:15  Stalker  
  45  4:27  Pylon  
  45  4:29  Probe (Chrono Boost)  
  45  4:31  Pylon  
  46  4:33  Pylon  
  46  4:43  Oracle (Chrono Boost)  
  51  4:46  Probe (Chrono Boost)  
  51  4:48  Probe (Chrono Boost)  
  51  4:51  Probe  
  51  4:57  Probe  
  53  5:07  Stalker  
  53  5:09  Nexus  
  53  5:11  Zealot  
  53  5:12  Pylon  
  57  5:31  Stalker  
  57  5:32  Stalker x2  
  63  5:37  Pylon  
  63  6:02  Stalker, Immortal  
  63  6:03  Zealot, Stalker  
  69  6:08  Probe (Chrono Boost)  
  69  6:10  Void Ray (Chrono Boost)  
  71  6:13  Probe (Chrono Boost)  
  71  6:17  Probe (Chrono Boost)  
  80  6:21  Probe (Chrono Boost)  
  81  6:27  Stalker  
  81  6:28  Zealot  
  81  6:29  Zealot  
  87  6:37  Pylon  
  87  6:40  Warp Prism  
  87  6:41  Pylon  
  87  6:44  Probe (Chrono Boost)  
  87  6:46  Probe (Chrono Boost)  
  87  6:47  Probe (Chrono Boost)  
  92  6:52  Probe (Chrono Boost)  
  94  6:54  Pylon  
  94  6:55  Probe (Chrono Boost)  
  94  7:08  Probe (Chrono Boost)  
  97  7:11  Probe (Chrono Boost)  
  97  7:12  Probe (Chrono Boost)  
  97  7:16  Probe (Chrono Boost), Pylon  
  97  7:18  Assimilator  
  97  7:22  Sentry, Stalker  
  102  7:24  Stalker  
  102  7:29  Gateway  
  104  7:34  Gateway  
  104  7:36  Gateway, Immortal (Chrono Boost)  
  104  7:42  Oracle  
  111  7:48  Forge  
  111  7:49  Probe x2  
  111  7:50  Probe  
  114  7:52  Forge  
  114  7:59  Assimilator  
  114  8:01  Probe  
  115  8:10  Twilight Council  
  115  8:13  Probe x3  
  118  8:25  Probe x2  
  120  8:28  Nexus  
  120  8:30  Protoss Ground Weapons Level 1 (Chrono Boost)  
  120  8:31  Pylon  
  120  8:34  Protoss Ground Armor Level 1 (Chrono Boost)  
  120  8:45  Assimilator  
  120  8:56  Pylon  
  120  8:58  Probe (Chrono Boost), Pylon  
  121  9:08  Probe (Chrono Boost)  
  119  9:10  Blink (Chrono Boost)  
  119  9:12  Templar Archives  
  119  9:13  Probe (Chrono Boost)  
  119  9:14  Pylon  
  120  9:24  Probe  
  120  9:25  Stalker  
  120  9:26  Stalker  
  120  9:27  Stalker x4  
  133  9:38  Probe (Chrono Boost)  
  134  9:40  Assimilator  
  134  9:42  Assimilator  
  134  9:43  Photon Cannon  
  134  9:48  Probe (Chrono Boost)  
  138  9:53  Probe (Chrono Boost)  
  138  9:54  Probe (Chrono Boost)  
  138  9:55  Probe (Chrono Boost)  
  138  9:57  Probe (Chrono Boost)  
  140  10:01  Probe (Chrono Boost)  
  140  10:06  Probe (Chrono Boost)  
  141  10:07  Probe (Chrono Boost)  
  141  10:10  Void Ray  
  139  10:14  Probe  
  139  10:15  Probe  
  139  10:16  Probe, Psionic Storm, Immortal (Chrono Boost)  
  150  10:28  High Templar x2  
  150  10:29  High Templar x2, Robotics Facility  
  150  10:34  Stargate  
  158  10:37  Stargate  
  158  10:47  Probe (Chrono Boost)  
  158  10:48  Immortal  
  166  10:52  Probe x3 (Chrono Boost)  
  166  10:53  Void Ray  
  170  10:58  Protoss Ground Weapons Level 2 (Chrono Boost)  
  170  10:59  Protoss Ground Armor Level 2 (Chrono Boost)  
  170  11:01  Probe x3 (Chrono Boost)  
  116  11:30  Zealot  
  116  11:31  Zealot x2, Nexus, Stalker  
  116  11:32  Stalker x2  
  107  11:52  Immortal  
  107  11:53  Stalker  
  103  11:55  Stalker x2  
  103  11:56  Stalker  
  103  12:00  Void Ray (Chrono Boost)  
  103  12:01  Void Ray (Chrono Boost)  
  103  12:02  Immortal  
  117  12:12  Void Ray (Chrono Boost)  
  115  12:22  Stalker x3  
  113  12:28  Gateway  
  115  12:30  Gateway  
  115  12:32  Gateway  
  115  12:36  Gateway  
  103  13:02  Stalker  
  103  13:03  Stalker x2  
  99  13:06  Void Ray, Immortal  
  99  13:07  Void Ray  
  99  13:08  Immortal  
  99  13:09  Void Ray  
  100  13:26  Stalker  
  100  13:27  Stalker x3  
  98  13:28  Stalker x2  
  99  13:45  Zealot  
  77  13:56  Stalker x2  
  77  13:57  Stalker x2  
  81  14:10  Void Ray x2  
  89  14:21  Assimilator  
  89  14:24  Assimilator  
  89  14:42  Probe x3  
  92  14:47  Pylon  
  92  14:54  Probe x2  
  93  15:11  Zealot x2, Stalker  
  93  15:12  Stalker x2  
  93  15:13  High Templar x2  
Show
View Real Time Build Order
Export as new Build Order

Foulgrin Terran - Winner!

Build Orders:  

Get SALT Encoding   

  12  0:01  SCV  
  13  0:13  SCV  
  14  0:20  Supply Depot  
  14  0:25  SCV  
  15  0:41  SCV  
  16  0:43  Barracks  
  16  0:53  SCV  
  17  0:57  Refinery  
  17  1:05  SCV  
  18  1:18  SCV  
  19  1:32  Marine  
  20  1:37  Supply Depot  
  20  1:43  Command Center  
  20  1:53  Orbital Command  
  20  2:10  Barracks Reactor  
  20  2:17  Refinery  
  20  2:20  Factory  
  20  2:21  SCV  
  21  2:33  SCV  
  22  2:39  Bunker  
  22  2:45  SCV  
  22  2:48  Marine x2  
  25  2:57  SCV  
  26  3:04  Orbital Command  
  26  3:08  Supply Depot  
  26  3:09  Marine, SCV  
  28  3:12  Marine  
  29  3:21  Factory Tech Lab  
  29  3:22  SCV  
  30  3:27  Starport  
  30  3:36  Engineering Bay  
  30  3:40  SCV x2  
  32  3:44  Marine  
  32  3:46  Marine  
  34  3:56  SCV  
  34  3:57  SCV  
  34  4:02  Refinery  
  36  4:06  Refinery  
  36  4:07  Marine  
  36  4:08  Marine, SCV  
  36  4:09  SCV  
  40  4:15  Barracks  
  40  4:20  SCV  
  40  4:21  SCV  
  42  4:25  Marine  
  42  4:26  Marine  
  44  4:32  SCV  
  44  4:33  SCV  
  46  4:44  Marine  
  46  4:45  SCV  
  48  4:46  SCV  
  48  4:47  Terran Infantry Weapons Level 1  
  48  4:49  Starport Reactor  
  49  5:00  Command Center  
  49  5:03  Marine, Barracks Tech Lab  
  49  5:04  Marine  
  51  5:08  Mag-Field Accelerator  
  51  5:12  Cyclone  
  54  5:25  Supply Depot  
  54  5:26  Supply Depot  
  54  5:27  Supply Depot  
  54  5:35  SCV  
  54  5:45  SCV  
  54  5:46  Marauder, Marine x2, Medivac  
  60  5:57  SCV  
  60  6:00  Missile Turret  
  59  6:08  Marauder  
  61  6:14  Medivac  
  61  6:18  Missile Turret  
  63  6:19  SCV x2  
  63  6:22  Cyclone  
  68  6:31  SCV x2, Orbital Command  
  70  6:38  Armory  
  70  6:43  Engineering Bay  
  70  6:53  SCV  
  70  6:54  SCV, Cyclone  
  74  6:56  Missile Turret  
  74  6:58  Orbital Command  
  75  7:17  Missile Turret  
  75  7:19  Supply Depot  
  75  7:20  SCV x2  
  75  7:21  Marine  
  75  7:22  Marine, Supply Depot  
  79  7:23  Marauder  
  79  7:26  Viking, Cyclone  
  86  7:35  SCV  
  86  7:36  SCV  
  88  7:45  SCV  
  88  7:47  SCV  
  88  7:48  SCV  
  88  7:49  Marine  
  88  7:50  Marauder  
  88  7:51  Marine  
  95  7:57  Barracks, SCV  
  96  7:58  Factory  
  96  8:01  Starport  
  96  8:05  Terran Infantry Armor Level 1  
  96  8:06  Barracks, Medivac  
  98  8:13  Terran Infantry Weapons Level 2  
  98  8:15  Terran Vehicle Weapons Level 1  
  98  8:17  SCV x3  
  101  8:22  Missile Turret  
  101  8:25  Missile Turret  
  101  8:26  Marine x2  
  103  8:29  SCV x3  
  106  8:36  Smart Servos  
  106  8:41  SCV  
  107  8:42  Starport Tech Lab  
  107  8:43  Factory Tech Lab  
  107  8:45  Barracks Tech Lab  
  107  8:48  SCV x2  
  109  8:53  Supply Depot  
  109  8:54  Supply Depot x2  
  109  9:09  Stimpack  
  109  9:11  Drilling Claws  
  109  9:14  SCV  
  109  9:15  SCV  
  111  9:23  Refinery  
  111  9:26  Refinery  
  111  9:30  Marine x2, Command Center  
  111  9:31  Marauder x2  
  117  9:33  Thor  
  117  9:35  Cyclone  
  126  9:38  Medivac  
  128  9:50  Marine x2  
  128  9:52  Marauder  
  132  9:59  Marauder  
  134  10:05  Supply Depot x2  
  134  10:06  Supply Depot  
  133  10:07  Cyclone  
  133  10:08  Missile Turret  
  133  10:14  Marauder  
  135  10:23  Barracks Tech Lab  
  135  10:40  Marine x2  
  135  10:41  Marauder x2  
  135  10:42  Concussive Shells  
  141  10:43  Marine  
  141  10:45  Thor  
  141  10:46  Cyclone  
  141  10:48  Medivac, Combat Shield  
  152  10:58  Marine  
  152  11:01  Marauder  
  152  11:02  Marauder  
  152  11:03  Marauder  
  156  11:13  Marine  
  156  11:16  Marine  
  156  11:18  Thor  
  151  11:23  Marauder  
  151  11:24  Marauder  
  143  11:29  Cyclone  
  143  11:30  Marine  
  143  11:31  Marine  
  141  11:35  Medivac  
  141  11:39  Viking  
  143  11:44  Marauder  
  143  11:45  Marauder  
  134  11:58  Marine  
  134  11:59  Marauder, Marine  
  134  12:00  Thor  
  139  12:01  Cyclone  
  139  12:05  Marauder  
  141  12:19  Marine x2  
  141  12:20  Marauder x2  
  137  12:26  Marine  
  138  12:33  Thor  
  144  12:37  Marine  
  144  12:41  Marauder, Planetary Fortress  
  144  12:43  Thor  
  153  12:45  SCV x3  
  149  12:57  SCV x3  
  142  13:09  SCV x2  
  144  13:15  Marine  
  144  13:16  Cyclone  
  148  13:21  Terran Infantry Armor Level 2  
  148  13:23  Terran Vehicle And Ship Armor Level 1  
  148  13:25  Infernal Pre-Igniter  
  148  13:26  Cyclone  
  145  13:31  Corvid Reactor  
  141  13:39  Marauder, Marine x3  
  141  13:40  Marauder  
  145  13:48  Refinery, Thor  
  145  13:49  Refinery  
  145  13:53  Missile Turret  
  141  13:56  Marine  
  141  13:57  Marine, Missile Turret  
  141  13:58  Marauder, Cyclone  
  141  14:01  Marauder  
  138  14:09  Marine  
  139  14:14  Marine  
  140  14:19  Marauder  
  140  14:22  Marauder  
  140  14:24  Marine  
  144  14:28  Marauder  
  144  14:30  Thor  
  144  14:31  Cyclone  
  156  14:32  Marine  
  156  14:34  SCV x2  
  159  14:40  Marauder  
  161  14:56  Command Center  
  161  15:03  Thor  
Tags
 
Add a new tag
Caveats
  • Supply blocks, unpowered buildings, or Contaminate may cause inaccurate times.
  • Supply counts are checked every 10 seconds.